Map: [ESL] Goldenaura

Players

Astrea - Winner!

  • Race: Protoss Protoss
  • Spawn Location: 5:00

Erik

  • Race: Zerg Zerg
  • Spawn Location: 12:00

Event: ESL SC2 Masters 2024 Spring (Regional)

VOD

Have the link to the VOD?

Description

Time

  • Played on: April 20, 2024, 10:28 a.m.
  • Length: 14:39

All games in this series

Show
View Real Time Build Order
Export as new Build Order

Astrea Protoss - Winner!

Build Orders: Oracle Opening 

Get SALT Encoding   

  12  0:00  Probe  
  13  0:12  Probe  
  14  0:17  Pylon  
  14  0:24  Probe (Chrono Boost)  
  15  0:36  Probe (Chrono Boost)  
  15  0:37  Gateway  
  16  0:44  Probe (Chrono Boost)  
  16  0:46  Assimilator  
  17  0:51  Probe  
  18  1:03  Probe  
  19  1:15  Probe  
  20  1:23  Pylon  
  20  1:24  Cybernetics Core  
  20  1:25  Zealot  
  22  1:27  Probe  
  23  1:41  Probe  
  23  1:46  Gateway  
  24  1:54  Probe  
  25  1:57  Adept (Chrono Boost)  
  25  2:01  Warp Gate  
  27  2:02  Shield Battery  
  28  2:18  Nexus  
  28  2:20  Probe  
  30  2:31  Assimilator  
  30  2:32  Stalker  
  30  2:33  Probe  
  31  2:39  Pylon  
  30  2:45  Probe  
  31  2:57  Probe (Chrono Boost)  
  32  3:02  Stargate  
  32  3:06  Pylon  
  32  3:07  Probe (Chrono Boost)  
  32  3:12  Probe (Chrono Boost)  
  34  3:24  Probe  
  35  3:31  Probe  
  36  3:36  Probe  
  37  3:42  Oracle (Chrono Boost)  
  37  3:43  Probe  
  37  3:48  Probe  
  42  3:52  Nexus  
  42  3:55  Probe  
  42  4:00  Probe  
  42  4:01  Pylon  
  44  4:07  Probe  
  45  4:10  Oracle (Chrono Boost)  
  45  4:13  Probe  
  49  4:26  Probe  
  49  4:27  Probe  
  51  4:33  Pylon  
  51  4:34  Assimilator  
  51  4:37  Oracle (Chrono Boost)  
  51  4:39  Probe x2  
  51  4:41  Stalker  
  51  4:43  Shield Battery  
  58  4:52  Pylon, Gateway  
  58  4:54  Gateway  
  58  4:55  Pylon, Probe  
  58  4:57  Assimilator  
  59  5:02  Probe  
  60  5:08  Stalker  
  66  5:15  Void Ray (Chrono Boost)  
  66  5:20  Shield Battery  
  66  5:21  Shield Battery  
  66  5:26  Pylon  
  66  5:35  Stalker  
  68  5:39  Probe x2  
  68  5:40  Pylon  
  70  5:48  Stalker  
  72  5:51  Probe  
  72  5:53  Zealot  
  72  5:54  Probe  
  76  6:02  Nexus  
  76  6:03  Pylon, Oracle  
  78  6:04  Probe  
  78  6:06  Probe  
  78  6:09  Cybernetics Core  
  80  6:19  Probe x2  
  80  6:21  Forge  
  82  6:31  Probe x2 (Chrono Boost)  
  84  6:34  Gateway x2  
  84  6:43  Probe (Chrono Boost)  
  84  6:44  Probe (Chrono Boost)  
  86  6:47  Protoss Ground Weapons Level 1 (Chrono Boost)  
  86  6:50  Probe (Chrono Boost)  
  86  6:51  Probe (Chrono Boost)  
  86  6:52  Twilight Council  
  88  6:57  Probe  
  88  6:58  Robotics Facility, Probe  
  90  7:06  Photon Cannon  
  90  7:10  Zealot x3, Probe x2  
  90  7:15  Probe  
  99  7:22  Shield Battery, Probe x2  
  101  7:27  Probe  
  102  7:34  Zealot x3, Probe x2  
  102  7:35  Zealot x2  
  114  7:39  Probe  
  115  7:45  Assimilator, Gateway  
  115  7:46  Assimilator, Probe x2  
  117  7:51  Robotics Bay  
  117  7:52  Robotics Facility  
  117  7:55  Pylon x2  
  117  8:00  Pylon  
  117  8:07  Blink (Chrono Boost)  
  117  8:10  Observer  
  117  8:13  Forge  
  117  8:14  Gateway  
  118  8:26  Sentry x2  
  122  8:27  Nexus  
  122  8:33  Pylon  
  122  8:34  Protoss Ground Weapons Level 2 (Chrono Boost)  
  122  8:39  Colossus x2  
  122  8:40  Extended Thermal Lance  
  133  8:51  Protoss Ground Armor Level 1 (Chrono Boost), Nexus  
  133  8:56  Pylon, Probe x3  
  133  8:59  Pylon  
  136  9:07  Templar Archives  
  136  9:08  Probe x3  
  139  9:14  Shield Battery  
  139  9:18  Shield Battery  
  139  9:20  Probe x2  
  139  9:22  Probe  
  142  9:32  Probe  
  142  9:33  Colossus (Chrono Boost)  
  142  9:37  Colossus (Chrono Boost)  
  155  9:39  Gateway  
  155  9:42  Gateway  
  155  9:43  Gateway  
  155  9:50  Probe x3  
  155  9:51  Photon Cannon  
  155  9:52  Assimilator  
  159  10:07  Probe  
  159  10:09  Assimilator, High Templar x4  
  159  10:10  Charge (Chrono Boost), High Templar x2  
  159  10:11  Zealot  
  173  10:14  Archon  
  173  10:15  Pylon x2, Archon x2  
  173  10:17  Pylon  
  173  10:23  Warp Prism (Chrono Boost)  
  173  10:28  Photon Cannon  
  175  10:29  Photon Cannon  
  175  10:32  Immortal  
  179  10:36  Photon Cannon  
  179  10:38  Photon Cannon  
  179  10:42  High Templar x3  
  185  10:43  Zealot x5, High Templar  
  185  10:48  Archon x2  
  197  10:54  Psionic Storm  
  197  11:03  Protoss Ground Weapons Level 3 (Chrono Boost), Protoss Ground Armor Level 2 (Chrono Boost)  
  194  11:18  High Templar x2  
  198  11:33  Zealot  
  200  11:45  Zealot  
  196  11:54  Zealot x2  
  196  11:58  Zealot x2  
  193  12:02  Zealot x4  
  193  12:08  Probe x3  
  190  12:10  Gateway  
  190  12:11  Gateway  
  190  12:13  Immortal x2 (Chrono Boost)  
  190  12:14  Gateway  
  166  12:15  Gateway  
  172  12:28  Nexus  
  172  12:29  Pylon  
  172  12:31  Zealot x9  
  168  12:38  Gravitic Boosters (Chrono Boost)  
  168  12:42  Fleet Beacon  
  168  12:45  Immortal x2  
  170  12:52  High Templar  
  170  12:53  High Templar  
  170  12:57  Photon Cannon  
  172  12:59  Photon Cannon  
  172  13:00  Photon Cannon  
  172  13:01  Photon Cannon  
  172  13:03  Shield Battery  
  172  13:05  Shield Battery  
  172  13:10  Pylon  
  172  13:15  Zealot x3  
  172  13:16  Zealot x5  
  172  13:19  Zealot x3  
  190  13:24  Immortal x2  
  188  13:33  Nexus  
  184  13:49  Zealot x4  
  184  13:50  Photon Cannon  
  184  13:51  Photon Cannon  
  184  13:52  Photon Cannon  
  184  13:53  Photon Cannon  
  192  14:08  Pylon  
  200  14:16  Photon Cannon  
  199  14:18  Photon Cannon  
  199  14:22  Assimilator  
  199  14:25  Assimilator  
  197  14:33  Archon  
Show
View Real Time Build Order
Export as new Build Order

Erik Zerg 

Build Orders: Pool First 

Get SALT Encoding   

  12  0:12  Extractor  
  11  0:20  Spawning Pool  
  10  0:24  Drone  
  11  0:30  Drone  
  12  0:36  Drone  
  13  0:47  Overlord  
  13  1:07  Zergling x2  
  13  1:08  Zergling x2  
  13  1:09  Zergling x2  
  16  1:17  Metabolic Boost  
  16  1:42  Hatchery  
  16  1:46  Drone  
  16  1:50  Drone  
  17  2:03  Queen  
  19  2:11  Overlord  
  20  2:15  Drone  
  20  2:18  Drone  
  21  2:23  Drone  
  22  2:33  Drone  
  23  2:38  Queen  
  25  2:48  Drone  
  26  2:55  Drone  
  26  2:57  Drone  
  28  3:07  Drone x2  
  30  3:19  Drone x4  
  33  3:25  Overlord  
  33  3:27  Drone  
  33  3:31  Extractor  
  33  3:35  Roach Warren  
  33  3:37  Overlord  
  33  3:38  Overlord  
  32  3:46  Drone  
  33  3:49  Drone  
  34  3:57  Drone x3  
  34  4:00  Overlord, Drone  
  38  4:16  Roach x4  
  46  4:25  Roach x4  
  54  4:34  Overlord  
  54  4:35  Zergling x8  
  53  4:49  Zergling x4  
  53  4:51  Spore Crawler  
  53  4:52  Spore Crawler  
  52  5:00  Ravager x2  
  52  5:01  Zergling x6  
  56  5:07  Zergling x2  
  56  5:08  Zergling x4  
  59  5:15  Zergling x2  
  59  5:16  Zergling x4  
  62  5:24  Zergling x2  
  62  5:25  Zergling x2  
  64  5:34  Drone x5  
  61  5:40  Drone x2  
  60  5:42  Drone  
  60  5:48  Drone x2  
  58  5:56  Drone x2  
  50  6:02  Evolution Chamber  
  50  6:03  Evolution Chamber  
  47  6:15  Hatchery  
  46  6:29  Zergling x8, Hatchery  
  49  6:38  Zerg Ground Armor Level 1, Zerg Melee Weapons Level 1  
  48  6:44  Zergling x2  
  48  6:45  Zergling x6  
  52  6:53  Zergling x8  
  52  6:54  Zergling x2  
  57  7:01  Zergling x8  
  61  7:13  Drone x3  
  61  7:14  Drone  
  65  7:17  Drone, Lair  
  65  7:18  Drone  
  65  7:19  Drone  
  68  7:24  Overlord  
  68  7:28  Overlord  
  59  7:37  Drone x5  
  59  7:38  Drone  
  62  7:48  Drone x4  
  62  7:49  Drone  
  67  7:54  Spore Crawler  
  67  7:56  Drone x4  
  69  7:59  Spore Crawler, Drone x2  
  69  8:00  Drone  
  71  8:05  Drone  
  71  8:06  Drone x2  
  71  8:09  Queen  
  76  8:13  Queen  
  76  8:15  Glial Reconstitution  
  78  8:20  Infestation Pit  
  78  8:22  Drone x4  
  81  8:29  Extractor  
  81  8:30  Overlord  
  81  8:33  Roach  
  81  8:34  Roach x5  
  92  8:43  Roach  
  92  8:44  Roach  
  92  8:48  Overlord  
  95  8:54  Roach  
  95  8:55  Roach x3  
  103  8:56  Overlord  
  103  8:59  Hive  
  103  9:06  Extractor  
  103  9:07  Zerg Melee Weapons Level 2  
  103  9:09  Extractor  
  101  9:11  Drone x2  
  101  9:12  Drone x4  
  101  9:13  Drone x5  
  101  9:14  Drone  
  101  9:15  Drone x2  
  115  9:22  Overlord x3  
  114  9:26  Overlord  
  114  9:32  Drone x5  
  114  9:34  Overlord x4  
  119  9:38  Extractor  
  119  9:41  Zergling x2  
  119  9:42  Zergling x4  
  121  9:49  Zergling x18  
  127  10:03  Queen  
  126  10:11  Viper x2  
  126  10:14  Adrenal Glands  
  132  10:18  Zergling x2  
  132  10:19  Zergling x28  
  132  10:21  Extractor  
  146  10:26  Extractor  
  145  10:29  Ultralisk Cavern  
  145  10:33  Zerg Ground Armor Level 2  
  143  10:42  Roach x5  
  153  10:55  Queen  
  150  11:00  Roach x11  
  172  11:06  Overlord  
  172  11:08  Zergling x6  
  175  11:14  Overlord x3  
  175  11:17  Chitinous Plating  
  174  11:28  Ultralisk  
  174  11:31  Zergling x4  
  174  11:32  Zergling x14  
  181  11:47  Ultralisk  
  181  11:48  Ultralisk x2  
  166  12:03  Ultralisk  
  166  12:05  Zergling x24  
  159  12:18  Hatchery  
  155  12:23  Ultralisk  
  155  12:29  Zergling x2  
  162  12:30  Zergling x8  
  162  12:36  Anabolic Synthesis  
  166  12:39  Zergling x2  
  166  12:40  Zergling x4  
  168  12:59  Drone x8  
  160  13:23  Ultralisk x2  
  160  13:24  Zergling x2  
  160  13:25  Zergling x12  
  152  13:32  Zergling x2  
  152  13:33  Zergling x2  
  136  13:42  Ultralisk  
  136  13:46  Zergling x2  
  136  13:47  Zergling x10  
  146  13:51  Queen  
  150  13:56  Zergling x6  
  120  14:18  Zergling x12  
Tags
 
Add a new tag
Caveats
  • Supply blocks, unpowered buildings, or Contaminate may cause inaccurate times.
  • Supply counts are checked every 10 seconds.